 Dungeon Crawl Stone Soup version 0.30-a0-711-gf4ac18a38d (webtiles) character file.

Game seed: 1746658215704092837

295 PyroL the Magician (level 6, -3/47 HPs)
             Began as a Djinni Warper on Jan 22, 2023.
             Shot with an arrow by a centaur (10 damage)
             ... on level 3 of the Dungeon.
             The game lasted 00:06:44 (3287 turns).

PyroL the Magician (Djinni Warper)                  Turns: 3287, Time: 00:06:45

Health: -3/47      AC:  3    Str: 10    XL:     6   Next: 61%
Gold:   130        EV: 11    Int: 17    God:
                   SH:  0    Dex: 12

rFire   + . .      SeeInvis .    n - +2 short sword (vamp)
rCold   . . .      Faith    .    (no shield)
rNeg    . . .      Spirit   .    b - +0 leather armour
rPois   ∞          Reflect  .    (no helmet)
rElec   .          Harm     .    (no cloak)
rCorr   .          Rampage  .    (no gloves)
Will    .....                    (boots unavailable)
Stlth   +                        (no amulet)
HPRegen 0.27/turn                j - ring of ice
MPRegen 0.00/turn                (no ring)

@: on blink cooldown, flying
A: sickness immunity, fire resistance 2, cold vulnerability 1, float, innate
caster, HP casting, extra vitality 1
a: no special abilities


You were on level 3 of the Dungeon.
You visited 1 branch of the dungeon, and saw 3 of its levels.
You also visited: Sewer.

You collected 130 gold pieces.

Inventory:

Hand Weapons
 n - a +2 vampiric short sword (weapon)
Missiles
 d - 4 boomerangs of dispersal
 o - 6 poisoned darts
Armour
 b - a +0 leather armour (worn)
Jewellery
 j - a ring of ice (left hand)
Scrolls
 a - a scroll of poison {unknown}
 c - a scroll of blinking
 g - a scroll of noise
 m - a scroll of vulnerability {unknown}
 p - a scroll of fear
 q - a scroll of enchant weapon {unknown}
Potions
 e - 2 potions of resistance {unknown}
 f - a potion of lignification {unknown}
 h - a potion of brilliance {unknown}
 i - 3 potions of heal wounds {unknown}
 k - a potion of might {unknown}
 l - 3 potions of haste {unknown}


   Skills:
 + Level 4.0 Fighting
 - Level 1.7 Short Blades
 - Level 0.7 Throwing
 - Level 1.0 Armour
 - Level 2.1 Dodging
 * Level 4.5 Spellcasting


You couldn't memorise any spells.
You knew the following spells:

 Your Spells              Type           Power      Damage    Failure   Level
a - Blink                 Tloc           38%        N/A       4%          2
b - Lesser Beckoning      Tloc           38%        N/A       4%          2
c - Vhi's Electric Charg  Tloc/Air       38%        N/A       10%         3
d - Teleport Other        Tloc           19%        N/A       10%         3
e - Manifold Assault      Tloc           19%        N/A       30%         4
f - Necrotise             Necr           76%        1d7       3%          1
g - Call Imp              Summ           19%        N/A       4%          2
Your spell library was empty.

Dungeon Overview and Level Annotations

Branches:
Dungeon (3/15)              Sewer (visited)

Altars:

Shops:
D:1 (   D:2 (


Innate Abilities, Weirdness & Mutations

You are immune to sickness and miasma.
You are immune to poison.
Your flesh is very heat resistant. (rF++)
You are vulnerable to cold. (rC-)
You float through the air rather than walking.
You learn spells naturally, not from books.
Your magical power is your life essence.
You have superior vitality. (+4 MHP)


Message History

You kill the jackal!
The dead are walking!
You can't see any susceptible monsters within range! (Use Z to cast anyway.)
You can't see any susceptible monsters within range! (Use Z to cast anyway.)
Found a stone staircase leading up.
A centaur comes into view.
The centaur shouts!
The centaur wields a +0 shortbow.
The centaur shoots an arrow.
The arrow hits you!
The centaur shoots an arrow.
The arrow barely misses you.
The centaur shoots an arrow.
The arrow hits you.
You start resting.
Your jackal skeleton bites the centaur but does no damage.
The centaur wields a +0 shortbow.
The centaur shoots an arrow.
The arrow hits your jackal skeleton!
Your jackal skeleton is destroyed!
The centaur writhes in agony.
The centaur shoots an arrow.
The arrow hits you!
* * * LOW HITPOINT WARNING * * *
The centaur unwields a +0 shortbow.
The centaur hits you.
* * * LOW HITPOINT WARNING * * *
The centaur closely misses you.
You barely miss the centaur.
The centaur is lightly wounded.
The centaur hits you.
* * * LOW HITPOINT WARNING * * *
The centaur closely misses you.
The centaur hits you but does no damage.
The centaur barely misses you.
You hit the centaur but do no damage.
The centaur is lightly wounded.
The centaur hits you.
* * * LOW HITPOINT WARNING * * *
The centaur closely misses you.
Casting: Necrotise (safe; 3% risk of failure)
Confirm with . or Enter, or press ? or * to list all spells.
You blink.
Found a scroll of identify.
* * * LOW HITPOINT WARNING * * *
The centaur wields a +0 shortbow.
The centaur shoots an arrow.
The arrow hits you!
You die...

########### #..........
####..........
.............
#..?....... #.#####
#..@....... #.....#
#..........
#.#######.###..........
#......................
#.###..###c############
#..................
#.##..####.##.#.###
#..#.>.........<
##.##.#######. ##


You could see a centaur.

Vanquished Creatures
  A kobold brigand (Sewer)
  A gnoll (D:1)
  5 river rats
  7 adders
  A worm (D:3)
  5 endoplasms
  3 giant cockroaches (D:1)
  5 goblins
  4 hobgoblins
  4 jackals (D:3)
  8 ball pythons
  4 bats
  6 frilled lizards
  17 kobolds
  16 rats
87 creatures vanquished.

Vanquished Creatures (collateral kills)
  2 river rats (Sewer)
  An endoplasm (D:1)
  A ball python (Sewer)
  A bat (D:3)
  A kobold (D:1)
  8 rats
14 creatures vanquished.

Grand Total: 101 creatures vanquished

Notes
Turn   | Place    | Note
-------+----------+-------------------------------------------
     0 | D:1      | PyroL the Djinni Warper began the quest for the Orb.
     0 | D:1      | PyroL set off with the following spells memorised: Blink,
                  | Lesser Beckoning, Vhi's Electric Charge, Teleport Other,
                  | Manifold Assault.
     0 | D:1      | Reached XP level 1. HP: 18/18 MP: 0/0
   113 | D:1      | Reached XP level 2. HP: 22/23 MP: 0/0
   254 | D:1      | Reached XP level 3. HP: 11/29 MP: 0/0
   254 | D:1      | Learned a level 1 spell: Necrotise
   555 | D:1      | Found Fezu's Weapon Boutique.
  1477 | D:2      | Reached XP level 4. HP: 32/34 MP: 0/0
  1497 | D:2      | Found Hoacyil's Weapon Emporium.
  2087 | D:3      | Reached XP level 5. HP: 20/40 MP: 0/0
  2087 | D:3      | Learned a level 2 spell: Call Imp
  2288 | D:3      | Found a glowing drain.
  2296 | Sewer    | Entered a sewer
  2555 | Sewer    | Reached XP level 6. HP: 42/46 MP: 0/0
  3287 | D:3      | Shot with an arrow by a centaur

Illustrated notes

Levels and vault maps discovered:
D:1:      dpeg_arrival_radiant, layout_rooms, serial_shops,
          nicolae_shop_bloodbath_and_beyond
D:2:      layout_basic, serial_shops, shop, nicolae_elevator_lobby_plus
D:3:      layout_basic, lightli_sewer_entry_pipes,
          chequers_serial_rivers_small_a, uniq_terence

Skill      XL: |  1  2  3  4  5  6 |
---------------+-------------------+-----
Spellcasting   | 3 4 |  4.5
Fighting       | 3 4 |  4.0
Short Blades   | |  1.7
Throwing       | |  0.7
Armour         | |  1.0
Dodging        | |  2.1

Action                     |  1- 3 |  4- 6 || total
---------------------------+-------+-------++-------
  Melee: Short sword       |   111 |    39 ||   150
         Punch             |     1 |       ||     1
  Throw: Boomerang         |     3 |       ||     3
   Cast: Necrotise         |    22 |   115 ||   137
         Blink             |       |     2 ||     2
    Use: Scroll            |     4 |     3 ||     7
 Armour: Leather armour    |    39 |    16 ||    55
  Dodge: Dodged            |    78 |    54 ||   132

Table legend: (Time is in decaauts)
 A = Elapsed time spent in this place.
 B = Non-inter-level travel time spent in this place.
 C = Inter-level travel time spent in this place.
 D = Time resting spent in this place.
 E = Time spent auto-exploring this place.
 F = Levels seen in this place.
 G = Mean time per level.
                   A        B        C        D        E       F      G
               +--------+--------+--------+--------+--------+-----+--------+
         Total |   3276 |   3198 |     78 |    697 |   1782 |   4 |  819.0 |
       Dungeon |   2411 |   2333 |     78 |    572 |   1255 |   3 |  803.7 |
         Sewer |    864 |    864 |      0 |    125 |    527 |   1 |  864.0 |
               +--------+--------+--------+--------+--------+-----+--------+

Top non-repeatable levels by time:
     D:1: 1136 daAuts
   Sewer: 864 daAuts
     D:2: 844 daAuts
     D:3: 431 daAuts
